 Dungeon Crawl Stone Soup version 0.18-a0-119-g02a7081 (webtiles) character file.

492 ReteAZ the Twirler (level 7, -1/42 HPs)
             Began as a Gargoyle Gladiator on Nov 19, 2015.
             Killed by nerve-wracking pain
             ... invoked by an orc priest
              (14 damage)
             ... on level 5 of the Dungeon.
             The game lasted 00:07:46 (4155 turns).

ReteAZ the Twirler (Gargoyle Gladiator)             Turns: 4155, Time: 00:07:46

Health: -1/42      AC: 12    Str: 19    XL:     7   Next: 14%
Magic:  16/16      EV: 11    Int:  8    God:
Gold:   255        SH:  0    Dex: 12    Spells: 0 memorised, 6 levels left

rFire  . . .     SeeInvis .     a - +0 quarterstaff
rCold  . . .     Clarity  .     q - +1 ring mail {rPois}
rNeg   + . .     SustAt   .     (shield currently unavailable)
rPois  ∞         Gourm    .     c - +0 helmet
rElec  +         Spirit   .     (no cloak)
rCorr  .         Warding  .     (no gloves)
rMut   .         Stasis   .     (no boots)
MR     .....                    (no amulet)
Stlth  +.........               (no ring)
                                o - ring of magical power

@: not resistant to hostile enchantments, very unstealthy
A: negative energy resistance 1, electricity resistance, unbreathing,
petrification resistance, rot immunity, AC +4
a: no special abilities


You were on level 5 of the Dungeon.
You were not hungry.

You visited 1 branch of the dungeon, and saw 5 of its levels.
You also visited: Ossuary.

You collected 255 gold pieces.

Inventory:

Hand Weapons
 a - a +0 quarterstaff (weapon)
Missiles
 d - 5 throwing nets (quivered)
Armour
 b - a +0 leather armour
 c - a +0 helmet (worn)
 q - a +1 ring mail of poison resistance (worn)
Jewellery
 o - a ring of magical power (left hand)
Scrolls
 g - 5 scrolls of identify
 i - a scroll of remove curse
 l - a scroll of blinking
 m - a scroll of teleportation
 y - a scroll of fog
Potions
 f - a potion of mutation {unknown}
 h - a potion of heal wounds
 j - a potion of lignification {unknown}
 r - a potion of cancellation {unknown}
 s - 3 potions of curing {unknown}
 t - a potion of resistance {unknown}
 u - a potion of degeneration {unknown}
 v - a potion of invisibility {unknown}
 x - a potion of poison {unknown}
 z - a potion of brilliance {unknown}
Comestibles
 e - 3 bread rations {@e1}
 n - a fruit
 p - a meat ration {@e2}
 A - 2 chunks of flesh {@w0}


   Skills:
 + Level 3.9 Fighting
 * Level 5.9 Staves
 - Level 1.7 Throwing
 * Level 4.1 Armour
 - Level 2.4 Dodging
 - Level 1.0 Stealth


You had 6 spell levels left.
You didn't know any spells.

Dungeon Overview and Level Annotations

Branches:
Dungeon (5/15)
 Temple: D:4-7

Altars:
Ashenzari
Dithmenos
Elyvilon
Qazlal
Ru
Trog
The Shining One

Shops:
D:4 [


Innate Abilities, Weirdness & Mutations

You are resistant to torment.
Your stone body is resilient (AC +4).
You are immune to poison.
You resist negative energy.
You are resistant to electric shocks.
You can survive without breathing.
You are immune to petrification.
You are immune to rotting.


Message History

The orc priest invokes the aid of Beogh against you.
Something smites you!
You hit the orc priest.
The orc priest is heavily wounded.
The orc priest mumbles some strange prayers to Beogh against you.
Something smites you!
You hit the orc priest.
The orc priest is heavily wounded.
The orc priest completely misses you.
You hit the orc priest.
The orc priest is severely wounded.
The orc priest closely misses you.
You closely miss the orc priest.
The orc priest is severely wounded.
The orc priest hits you.
You hit the orc priest but do no damage.
The orc priest is severely wounded.
The orc priest invokes the aid of Beogh against you.
Pain shoots through your body!
You die...

#.>#####..####....#
.........####.)...#
########.......#...#
.......#.##...#
####.#...##...#
#....#...##...#
##.###...#######
####..#...#.##...##
#oo@.##.###.#.....#
#.#####.###.......#
##.##.....####.....#
#..#...............#
#..###.....####.....#
#o## ####### #.....#
#. #.....# o. ##...##
... ####


You could see an orc priest and an orc wizard.

Vanquished Creatures
  A water moccasin zombie (Ossuary)
  An orc priest (D:4)
  A centaur skeleton (D:4)
  2 worker ants
  An orc wizard (D:4)
  4 big kobold zombies (Ossuary)
  2 mummies (Ossuary)
  A hound skeleton (D:5)
  4 gnolls (D:2)
  4 adders
  An adder skeleton (D:5)
  6 adder zombies
  A worm (D:4)
  2 giant geckos
  5 orcs
  2 ball pythons (D:1)
  4 giant cockroaches
  5 gnoll zombies (Ossuary)
  5 goblins
  3 hobgoblins (D:1)
  8 jackals
  3 kobolds
  A quokka (D:4)
  6 bats
  A giant gecko skeleton (D:5)
  4 giant newts
  6 hobgoblin zombies (Ossuary)
  4 kobold zombies (Ossuary)
  2 orc zombies (Ossuary)
  7 rats
97 creatures vanquished.

Notes
Turn   | Place    | Note
--------------------------------------------------------------
     0 | D:1      | ReteAZ the Gargoyle Gladiator began the quest for the Orb.
     0 | D:1      | Reached XP level 1. HP: 12/12 MP: 1/1
   197 | D:1      | Reached XP level 2. HP: 18/18 MP: 2/2
   978 | D:2      | Found a stormy altar of Qazlal.
   988 | D:2      | Reached XP level 3. HP: 18/22 MP: 3/3
   994 | D:2      | Reached skill level 1 in Armour
  1160 | D:2      | Found a shadowy altar of Dithmenos.
  1160 | D:2      | Found a sacrificial altar of Ru.
  1324 | D:2      | Found a white marble altar of Elyvilon.
  1373 | D:2      | Reached skill level 4 in Staves
  1423 | D:2      | Reached XP level 4. HP: 6/27 MP: 4/4
  2002 | D:2      | Found a bloodstained altar of Trog.
  2006 | D:2      | Found a glowing golden altar of the Shining One.
  2189 | D:3      | Reached skill level 1 in Stealth
  2189 | D:3      | Reached XP level 5. HP: 5/32 MP: 5/5
  2685 | D:4      | Found a shattered altar of Ashenzari.
  2782 | D:4      | Found Urphache's Armour Shop.
  2814 | D:4      | Found a sand-covered staircase.
  2819 | Ossuary  | Entered an ossuary
  3020 | Ossuary  | Reached skill level 5 in Staves
  3020 | Ossuary  | Reached XP level 6. HP: 26/37 MP: 6/6
  3708 | D:4      | Reached XP level 7. HP: 39/42 MP: 7/7
  3916 | D:5      | Entered Level 5 of the Dungeon
  4155 | D:5      | Killed from afar by an orc priest

Vault maps used:
D:1:      dpeg_arrival_boxes_within_box
D:2:      nicolae_overflow_hidden_temple, gammafunk_temple_overflow_elements,
          grunt_qazlal_clouds
D:3:      tgw_sif, st_stairs_13, kennysheep_boxes
D:4:      kennysheep_little_box, nicolae_ossuary_entry_plus, first_bread,
          serial_shops, shop
D:5:      serial_shops, nicolae_shop_waterfront
Ossuary:  ossuary_tomb_2

Action                   |  1- 3 |  4- 6 |  7- 9 || total
-------------------------+-------+-------+-------++-------
Melee: Quarterstaff      |   100 |   324 |    48 ||   472
Throw: Throwing net      |       |     2 |       ||     2
  Use: Scroll            |       |     1 |     7 ||     8
       Potion            |       |     1 |       ||     1
 Stab: Held in net/web   |       |     2 |       ||     2
  Eat: Chunk             |     1 |     7 |     1 ||     9
       Fruit             |       |     2 |       ||     2
